 Dungeon Crawl Stone Soup version 0.14-a0-1844-g8283a67 (webtiles) character file.

131 ReteAZ the Ruinous (level 3, -3/19 HPs)
             Began as a Deep Elf Conjurer on Jan 12, 2014.
             Slain by Crazy Yiuf
             ... wielding a +4,+2 quarterstaff of chaos
              (13 damage)
             ... on Level 2 of the Dungeon.
             The game lasted 00:06:00 (1513 turns).

ReteAZ the Ruinous (Deep Elf Conjurer)              Turns: 1513, Time: 00:06:00

HP  -3/19        AC  2     Str  5      XL: 3   Next: 55%
MP   0/10        EV 12     Int 20      God:
Gold 81          SH  0     Dex 15      Spells:  2 memorised,  5 levels left

rFire  . . .     SeeInvis .     (no weapon)
rCold  . . .     Clarity  .     a - +0 elf robe
rNeg   . . .     Conserve .     (no shield)
rPois  .         rCorr    .     (no helmet)
rElec  .         rRot     .     (no cloak)
SustAb . .       Spirit   .     (no gloves)
rMut   .         Warding  .     (no boots)
Saprov . . .     Stasis   .     (no amulet)
                                (no ring)
                                (no ring)

@: drained, slightly resistant to hostile enchantments, fairly stealthy
A: no striking features
a: no special abilities


You were on level 2 of the Dungeon.
You were not hungry.

You visited 1 branch of the dungeon, and saw 2 of its levels.

You collected 81 gold pieces.

Inventory:

Armour
 a - a +0 elven robe (worn)
Comestibles
 b - 2 bread rations
 h - 2 meat rations
 p - a sausage
Scrolls
 f - a scroll of teleportation {unknown}
 g - 2 scrolls of identify {unknown}
 k - 2 scrolls of enchant armour {unknown}
 l - a scroll of recharging {unknown}
 m - a scroll of remove curse {unknown}
 n - a scroll of curse armour {unknown}
 o - a scroll of fear {unknown}
Potions
 d - a potion of speed {unknown}
 e - a potion of agility {unknown}
 i - a potion of curing {unknown}
 j - a potion of confusion {unknown}
Books
 c - a book of Conjurations

   Spells                             Type                      Level
   *Magic Dart                        Conjuration                  1
   *Searing Ray                       Conjuration                  2
   Dazzling Spray                     Conjuration/Hexes            3
   Iskenderun's Mystic Blast          Conjuration                  4
   Iskenderun's Battlesphere          Conjuration/Charms           4
   Fulminant Prism                    Conjuration/Hexes            5


   Skills:
 - Level 2.4(2.0) Dodging
 - Level 2.4(2.0) Stealth
 - Level 3.0(2.6) Spellcasting
 + Level 5.8(5.4) Conjurations


You had 5 spell levels left.
You knew the following spells:

 Your Spells              Type           Power        Failure   Level  Hunger
a - Magic Dart            Conj           ###.         1%          1    None
b - Searing Ray           Conj           ###...       2%          2    ##.....


Dungeon Overview and Level Annotations

Branches:
Dungeon (2/16)

Altars:

Annotations:
D:2 Crazy Yiuf


Message History

Confirm with . or Enter, or press ? or * to list all spells.
Aiming: Magic Dart
Press: ? - help, Shift-Dir - straight line, f/p - Crazy Yiuf
Aim: Crazy Yiuf, wielding a quarterstaff of chaos and wearing a cloak (almost dead)
The magic dart hits Crazy Yiuf.
Crazy Yiuf is almost dead.
Crazy Yiuf misses you.
You see here a hammer.
You see here an orcish hammer.
You see here a hammer.
Casting: Magic Dart
Confirm with . or Enter, or press ? or * to list all spells.
Aiming: Magic Dart
Press: ? - help, Shift-Dir - straight line, f/p - Crazy Yiuf
Aim: Crazy Yiuf, wielding a quarterstaff of chaos and wearing a cloak (almost dead)
The magic dart hits Crazy Yiuf.
Crazy Yiuf is almost dead.
Crazy Yiuf hits you with a quarterstaff of chaos!
Ouch! That really hurt!
You die...

#.# #.# #.####.######
#...........#
#.####.###### ♣♣♣# #.# #.#
### #♣♣♣♣♣♣♣#####.####.###
#)))#♣♣♣♣♣♣..............#
#.))')♣♣♣♣......#.######.#
#)))#♣))♣)..g@.##.# #.#
### #♣♣♣)♣)...###.# #.#
♣♣♣♣♣♣♣♣### #.# #.#
♣♣♣♣♣♣# ..# #.# ### #.#
#.# #.# #.#


You could see Crazy Yiuf.

Vanquished Creatures
  2 worms
  2 giant geckos (D:1)
  2 oozes (D:1)
  A goblin (D:2)
  7 hobgoblins (D:1)
  5 jackals
  A ball python (D:1)
  4 bats
  2 giant newts (D:2)
  2 kobolds
  6 rats
34 creatures vanquished.

Notes
Turn   | Place    | Note
--------------------------------------------------------------
     0 | D:1      | ReteAZ, the Deep Elf Conjurer, began the quest for the Orb.
     0 | D:1      | Reached XP level 1. HP: 10/10 MP: 5/5
   434 | D:1      | Reached XP level 2. HP: 15/15 MP: 1/8
   474 | D:1      | Reached skill level 5 in Conjurations
   940 | D:1      | Reached XP level 3. HP: 12/19 MP: 0/10
  1109 | D:2      | Learned a level 2 spell: Searing Ray
  1495 | D:2      | Noticed Crazy Yiuf
  1513 | D:2      | Slain by Crazy Yiuf

Action                   || total
-------------------------++-------
Melee: Unarmed           ||    17
 Cast: Magic Dart        ||    82
       Searing Ray       ||     9
